[Event "RUS-ch Men Rapid 2019"]
[Site "Sochi"]
[Date "2019.10.16"]
[Round "10.4"]
[White "Musalov, Ruslan"]
[Black "Pridorozhni, Aleksei"]
[Result "0-1"]
[ECO "D05"]
[WhiteElo "2348"]
[BlackElo "2599"]
[Annotator "ChessBase"]
[PlyCount "72"]
[EventDate "2019.10.15"]
[EventType "swiss"]
[EventCountry "RUS"]
[SourceTitle "playchess.com"]
[Source "ChessBase"]
[SourceQuality "1"]
[TimeControl "900+10"]

1. d4 d5 2. Nf3 e6 3. e3 Nf6 4. Bd3 c5 5. c3 Bd6 6. Nbd2 O-O 7. O-O Nc6 8. dxc5 Bxc5 9. e4 e5 10. b4 Bb6 11. Qe2 Bg4 12. b5 Ne7 13. h3 Nh5 14. Rd1 Nf4 15. Qf1 Bh5 16. g4 Bg6 17. Nxe5 Qc7 18. Nxg6 Nexg6 19. Nf3 Nxd3 20. Qxd3 dxe4 21. Qxe4 Rfe8 22. Qf5 Qg3+ 23. Kh1 Qxh3+ 24. Kg1 Qg3+ 25. Kh1 Bxf2 26. Ng5 Rf8 27. Ba3 h6 28. Bxf8 hxg5 29. Bd6 Nf4 30. Bxf4 gxf4 31. Rd3 Be3 32. g5 g6 33. Rxe3 fxe3 34. Qe4 Rd8 35. Rf1 Kg7 36. Qe7 Rh8# 0-1

[Event "RUS-ch Men Rapid 2019"]
[Site "Sochi"]
[Date "2019.10.16"]
[Round "10.6"]
[White "Drygalov, Andrey"]
[Black "Bocharov, Dmitry"]
[Result "0-1"]
[ECO "B47"]
[WhiteElo "2484"]
[BlackElo "2519"]
[Annotator "ChessBase"]
[PlyCount "98"]
[EventDate "2019.10.15"]
[EventType "swiss"]
[EventCountry "RUS"]
[SourceTitle "playchess.com"]
[Source "ChessBase"]
[SourceQuality "1"]
[TimeControl "900+10"]

1. e4 c5 2. Nf3 e6 3. d4 cxd4 4. Nxd4 Nc6 5. Nc3 Qc7 6. g3 Nf6 7. Bg2 a6 8. O-O Bc5 9. Nxc6 dxc6 10. Na4 Ba7 11. c4 O-O 12. c5 e5 13. Bg5 Qe7 14. Qc2 Be6 15. f4 h6 16. Bh4 exf4 17. gxf4 g5 18. fxg5 Nd7 19. b4 hxg5 20. Bg3 Bb8 21. Bxb8 Raxb8 22. Qc3 f6 23. a3 Ne5 24. Rad1 Rbd8 25. Nb2 Bg4 26. Rde1 Kg7 27. Rf2 Qd7 28. Qg3 Qd4 29. h3 Bh5 30. Re3 a5 31. Rb3 Bf7 32. Re3 Be6 33. bxa5 Qxc5 34. Nd3 Nxd3 35. Rxd3 Qxa5 36. Rdf3 Qe5 37. h4 Qxg3 38. Rxg3 Rd1+ 39. Bf1 Bc4 40. hxg5 fxg5 41. Rxg5+ Kh6 42. Rgg2 Rxf1+ 43. Rxf1 Rxf1+ 44. Kh2 Re1 45. Rg4 Be6 46. Rh4+ Kg5 47. Rh7 Rxe4 48. Rxb7 Ra4 49. Rb6 Bd5 0-1

[Event "RUS-ch Men Rapid 2019"]
[Site "Sochi"]
[Date "2019.10.16"]
[Round "10.8"]
[White "Gaydym, Arseniy"]
[Black "Lysyj, Igor"]
[Result "0-1"]
[ECO "C77"]
[WhiteElo "2139"]
[BlackElo "2596"]
[Annotator "ChessBase"]
[PlyCount "116"]
[EventDate "2019.10.15"]
[EventType "swiss"]
[EventCountry "RUS"]
[SourceTitle "playchess.com"]
[Source "ChessBase"]
[SourceQuality "1"]
[TimeControl "900+10"]

1. e4 e5 2. Nf3 Nc6 3. Bb5 a6 4. Ba4 Nf6 5. d3 Bc5 6. c3 d6 7. O-O O-O 8. Re1 Ba7 9. Nbd2 Ng4 10. Rf1 f5 11. h3 Nf6 12. Bb3+ Kh8 13. Re1 fxe4 14. Nxe4 Nxe4 15. dxe4 Qf6 16. Kh2 h6 17. Be3 Bxe3 18. fxe3 Bd7 19. Rf1 Qe7 20. Qe1 g5 21. a3 Rf6 22. Qg3 Raf8 23. Rf2 Qg7 24. Raf1 Ne7 25. Nd2 Ng6 26. Rxf6 Rxf6 27. Rxf6 Qxf6 28. Qf3 Kg7 29. Kg1 Qxf3 30. Nxf3 g4 31. hxg4 Bxg4 32. Kf2 Kf6 33. Kg3 Bd7 34. Bd5 b6 35. Bc4 a5 36. Nh4 Nf8 37. Be2 Nh7 38. Bg4 Bc6 39. Bf3 Ng5 40. Nf5 h5 41. Kh4 Bxe4 42. Bxe4 Nxe4 43. Nh6 Kg6 44. Ng8 Kf7 45. Nh6+ Kg6 46. Ng8 Nd2 47. Ne7+ Kh6 48. Nf5+ Kg6 49. Ne7+ Kf7 50. Nd5 Nc4 51. b3 Nxa3 52. Kxh5 Nc2 53. g4 b5 54. Kh6 c6 55. Nb6 Nxe3 56. g5 Nf5+ 57. Kh7 e4 58. g6+ Ke6 0-1

[Event "RUS-ch Men Rapid 2019"]
[Site "Sochi"]
[Date "2019.10.16"]
[Round "10.9"]
[White "Sakaev, Konstantin"]
[Black "Glek, Igor"]
[Result "1/2-1/2"]
[ECO "E00"]
[WhiteElo "2595"]
[BlackElo "2467"]
[Annotator "ChessBase"]
[PlyCount "41"]
[EventDate "2019.10.15"]
[EventType "swiss"]
[EventCountry "RUS"]
[SourceTitle "playchess.com"]
[Source "ChessBase"]
[SourceQuality "1"]
[TimeControl "900+10"]

1. d4 e6 2. c4 Bb4+ 3. Nd2 d5 4. Ngf3 Nf6 5. Qa4+ Nc6 6. a3 Bxd2+ 7. Bxd2 Ne4 8. Rd1 O-O 9. g3 Nd6 10. c5 Ne4 11. Bg2 Bd7 12. Qc2 a5 13. O-O a4 14. Bf4 f5 15. Ne1 Be8 16. f3 Nf6 17. Qc3 h6 18. Nd3 g5 19. Bc1 Qe7 20. Kf2 Qg7 21. Kg1 1/2-1/2

[Event "RUS-ch Men Rapid 2019"]
[Site "Sochi"]
[Date "2019.10.16"]
[Round "10.11"]
[White "Nozdrachev, Vladislav"]
[Black "Samusenko, Maksim"]
[Result "1-0"]
[ECO "B01"]
[WhiteElo "2494"]
[BlackElo "2445"]
[Annotator "ChessBase"]
[PlyCount "103"]
[EventDate "2019.10.15"]
[EventType "swiss"]
[EventCountry "RUS"]
[SourceTitle "playchess.com"]
[Source "ChessBase"]
[SourceQuality "1"]
[TimeControl "900+10"]

1. e4 d5 2. exd5 Nf6 3. d4 Bg4 4. Bb5+ Nbd7 5. Be2 Bxe2 6. Qxe2 Nxd5 7. c4 N5f6 8. Nf3 c6 9. O-O e6 10. Nc3 Qa5 11. d5 cxd5 12. cxd5 Nxd5 13. Nxd5 Qxd5 14. Rd1 Qa5 15. Bg5 Be7 16. Bxe7 Kxe7 17. Qd3 Rhd8 18. Qxh7 g6 19. Qg7 Qf5 20. Qc3 Rac8 21. Qb4+ Nc5 22. Re1 b6 23. Qa3 Rc7 24. Ne5 Kf8 25. Qc3 Rcc8 26. Rad1 Kg8 27. Nc6 Re8 28. Nxa7 Ra8 29. Nc6 Rac8 30. Nd4 Qf6 31. Nb5 Qxc3 32. Nxc3 Red8 33. Kf1 Kf8 34. Rxd8+ Rxd8 35. Rd1 Rb8 36. Nb5 Ke7 37. Ke2 g5 38. a3 g4 39. b4 Nd7 40. a4 Ra8 41. Ra1 Nf6 42. a5 Ra6 43. Nc7 Ra7 44. a6 Kd7 45. Nb5 Ra8 46. Kd3 Nd5 47. Kc4 Rc8+ 48. Kb3 Ra8 49. Nc3 Kc6 50. Nxd5 exd5 51. a7 Kb7 52. h4 1-0

[Event "RUS-ch Men Rapid 2019"]
[Site "Sochi"]
[Date "2019.10.16"]
[Round "10.12"]
[White "Papin, Vasily"]
[Black "Zakaryan, David"]
[Result "0-1"]
[ECO "A05"]
[WhiteElo "2481"]
[BlackElo "2338"]
[Annotator "ChessBase"]
[PlyCount "118"]
[EventDate "2019.10.15"]
[EventType "swiss"]
[EventCountry "RUS"]
[SourceTitle "playchess.com"]
[Source "ChessBase"]
[SourceQuality "1"]
[TimeControl "900+10"]

1. Nf3 Nf6 2. c4 e6 3. Nc3 d5 4. e3 a6 5. b3 b6 6. Bb2 Bb7 7. Be2 Nbd7 8. O-O Bd6 9. cxd5 exd5 10. d4 Qe7 11. Re1 O-O 12. Bf1 Ne4 13. g3 f5 14. Bg2 Rae8 15. Rc1 g5 16. Qc2 Qg7 17. Nd2 h5 18. f3 Nxd2 19. Qxd2 Nf6 20. Kh1 Re7 21. Bh3 g4 22. Bg2 Qh6 23. f4 h4 24. Kg1 Rfe8 25. Qf2 Rh7 26. gxh4 Qg6 27. Ne2 Kg7 28. Ng3 Reh8 29. Rc3 Rxh4 30. Rec1 Ne8 31. R1c2 R8h7 32. Rc1 Qe6 33. Qc2 Kg6 34. Bf1 Rxh2 35. Qxh2 Rxh2 36. Kxh2 Bb4 37. Rd3 Qe7 38. Kg2 Qh4 39. Bc3 Ba3 40. Rc2 c5 41. Be1 c4 42. Rd1 Qh7 43. Kg1 Qe7 44. Bf2 b5 45. Bg2 Nd6 46. bxc4 dxc4 47. d5 Bc5 48. Re2 Ne4 49. Bxe4 fxe4 50. d6 Qd7 51. Red2 c3 52. Rc2 b4 53. Kg2 Bc6 54. Rcc1 a5 55. Ne2 g3 56. Kxg3 Qe6 57. Nxc3 bxc3 58. Rxc3 Bd7 59. Rg1 Qh3# 0-1

[Event "RUS-ch Men Rapid 2019"]
[Site "Sochi"]
[Date "2019.10.16"]
[Round "10.13"]
[White "Tsydypov, Zhamsaran"]
[Black "Ulybin, Mikhail"]
[Result "0-1"]
[ECO "A05"]
[WhiteElo "2553"]
[BlackElo "2455"]
[Annotator "ChessBase"]
[PlyCount "82"]
[EventDate "2019.10.15"]
[EventType "swiss"]
[EventCountry "RUS"]
[SourceTitle "playchess.com"]
[Source "ChessBase"]
[SourceQuality "1"]
[TimeControl "900+10"]

1. Nf3 Nf6 2. c4 c5 3. b3 b6 4. Bb2 Bb7 5. e3 g6 6. Be2 Bg7 7. O-O O-O 8. d4 cxd4 9. Nxd4 Nc6 10. Bf3 Na5 11. Nc3 d5 12. Ba3 Re8 13. Rc1 dxc4 14. b4 Bxf3 15. Qxf3 e5 16. Ndb5 e4 17. Qe2 Nc6 18. Rfd1 Qb8 19. Nd6 Re6 20. b5 Ne5 21. Ncxe4 Nxe4 22. Nxe4 a6 23. Ng5 Re8 24. Bd6 Qb7 25. f4 Nd3 26. Rxc4 Nc5 27. Rc2 h6 28. Nf3 Qe4 29. Be5 axb5 30. Rd4 Qf5 31. e4 Bxe5 32. fxe5 Qg4 33. Qxb5 Ne6 34. Rb4 Red8 35. Qf1 Ra3 36. h3 Qg3 37. Rb3 Rxb3 38. axb3 Nf4 39. Kh1 Rd3 40. Rc8+ Kg7 41. e6 Rd1 0-1

[Event "RUS-ch Men Rapid 2019"]
[Site "Sochi"]
[Date "2019.10.16"]
[Round "10.14"]
[White "Popov, Valerij"]
[Black "Tekeyev, Zaur"]
[Result "0-1"]
[ECO "A20"]
[WhiteElo "2535"]
[BlackElo "2384"]
[Annotator "ChessBase"]
[PlyCount "74"]
[EventDate "2019.10.15"]
[EventType "swiss"]
[EventCountry "RUS"]
[SourceTitle "playchess.com"]
[Source "ChessBase"]
[SourceQuality "1"]
[TimeControl "900+10"]

1. c4 e5 2. g3 Nc6 3. Nc3 Bc5 4. Bg2 a6 5. e3 d6 6. Nge2 Ba7 7. a3 h5 8. b4 h4 9. Bb2 Bf5 10. d4 Nf6 11. Bxc6+ bxc6 12. dxe5 Ng4 13. Nd4 Bxd4 14. exd4 hxg3 15. fxg3 dxe5 16. Qf3 exd4 17. Qxf5 dxc3 18. Bxc3 Qe7+ 19. Kd2 Ne3 20. Qf4 Rd8+ 21. Kc1 Rh6 22. Bxg7 Re6 23. Re1 Re4 24. Qf3 Rxc4+ 25. Kb1 Rd3 26. Ra2 Re4 27. Rae2 Rb3+ 28. Bb2 Qe6 29. Qh5 Kd7 30. Qc5 Kc8 31. Qa7 f5 32. Qa8+ Kd7 33. Qxa6 Nc4 34. Rd1+ Ke7 35. Rxe4 Qxe4+ 36. Ka1 Nxb2 37. Rc1 Nd3 0-1

[Event "RUS-ch Men Rapid 2019"]
[Site "Sochi"]
[Date "2019.10.16"]
[Round "10.15"]
[White "Apryshko, Gleb"]
[Black "Triapishko, Alexandr"]
[Result "0-1"]
[ECO "A00"]
[WhiteElo "2382"]
[BlackElo "2514"]
[Annotator "ChessBase"]
[PlyCount "87"]
[EventDate "2019.10.15"]
[EventType "swiss"]
[EventCountry "RUS"]
[SourceTitle "playchess.com"]
[Source "ChessBase"]
[SourceQuality "1"]
[TimeControl "900+10"]

1. g3 Nf6 2. Bg2 e5 3. d3 d5 4. Nd2 Nc6 5. e3 g6 6. Ne2 Bg7 7. h3 O-O 8. O-O a5 9. f4 exf4 10. Nxf4 Re8 11. Kh2 a4 12. a3 Qd6 13. c4 d4 14. Nd5 Nh5 15. Qf3 Ne5 16. Qf2 dxe3 17. Nxe3 f5 18. Nd5 Nxd3 19. c5 Qd8 20. Qf3 Ne5 21. Qd1 Be6 22. Nb1 c6 23. Nb6 Qxd1 24. Rxd1 Rad8 25. Rxd8 Rxd8 26. Nc3 Nd3 27. Bg5 Re8 28. Ncxa4 Be5 29. Rd1 Bxg3+ 30. Kg1 Bf2+ 31. Kh2 Nxc5 32. Nxc5 Bxc5 33. Nd7 Be7 34. h4 Bxg5 35. hxg5 Kf7 36. Nc5 Bc8 37. Bf1 Nf4 38. Bc4+ Ke7 39. Kg3 Nh5+ 40. Kf3 b6 41. Nd3 Rd8 42. Re1+ Kf8 43. Ne5 Rd4 44. b3 0-1

[Event "RUS-ch Men Rapid 2019"]
[Site "Sochi"]
[Date "2019.10.16"]
[Round "10.16"]
[White "Truskavetsky, Alexandr"]
[Black "Savchenko, Boris"]
[Result "0-1"]
[ECO "A13"]
[WhiteElo "2370"]
[BlackElo "2581"]
[Annotator "ChessBase"]
[PlyCount "130"]
[EventDate "2019.10.15"]
[EventType "swiss"]
[EventCountry "RUS"]
[SourceTitle "playchess.com"]
[Source "ChessBase"]
[SourceQuality "1"]
[TimeControl "900+10"]

1. c4 e6 2. g3 d5 3. Bg2 Nf6 4. Nf3 d4 5. O-O Nc6 6. e3 Bc5 7. b4 Nxb4 8. exd4 Be7 9. d3 O-O 10. Nc3 Nc6 11. Be3 Ng4 12. d5 exd5 13. Nxd5 Nxe3 14. fxe3 Bd6 15. d4 Ne7 16. Nxe7+ Bxe7 17. e4 Bg4 18. e5 Qd7 19. Qd2 Rad8 20. d5 Bc5+ 21. Kh1 c6 22. e6 Bxe6 23. Qa5 cxd5 24. Qxc5 b6 25. Qe3 dxc4 26. Ne5 Qd2 27. Qxd2 Rxd2 28. Rfc1 Rc8 29. a4 c3 30. Nf3 Rd5 31. Kg1 a6 32. Rab1 h6 33. Kf2 Rd6 34. Rb4 Bd7 35. Ke3 a5 36. Rd4 Rxd4 37. Kxd4 c2 38. Ne5 Bxa4 39. Nc4 Rd8+ 40. Kc3 Rd1 41. Kb2 Rd3 42. Be4 Rb3+ 43. Ka2 Rb4 44. Bxc2 Rxc4 45. Bh7+ Kxh7 46. Rxc4 Bd7 47. Rc7 Be6+ 48. Kb2 b5 49. Ra7 a4 50. Kc3 Kg6 51. Kb4 Bc4 52. Ra8 Kg5 53. Rg8 g6 54. Rd8 Kg4 55. Rd2 g5 56. Rf2 f5 57. Rd2 f4 58. gxf4 Kxf4 59. Rd6 h5 60. Ra6 h4 61. Kc5 Kg4 62. Kd4 Kh3 63. Ke3 Kxh2 64. Kf3 Kh3 65. Rg6 g4+ 0-1

[Event "RUS-ch Men Rapid 2019"]
[Site "Sochi"]
[Date "2019.10.16"]
[Round "10.18"]
[White "Gogolev, Artem"]
[Black "Zakhartsov, Vladimir"]
[Result "0-1"]
[ECO "D85"]
[WhiteElo "2328"]
[BlackElo "2514"]
[Annotator "ChessBase"]
[PlyCount "72"]
[EventDate "2019.10.15"]
[EventType "swiss"]
[EventCountry "RUS"]
[SourceTitle "playchess.com"]
[Source "ChessBase"]
[SourceQuality "1"]
[TimeControl "900+10"]

1. d4 Nf6 2. c4 g6 3. Nc3 d5 4. cxd5 Nxd5 5. Nf3 Bg7 6. Qa4+ Nc6 7. e4 Nb6 8. Qc2 O-O 9. d5 Na5 10. Be2 c6 11. dxc6 Nxc6 12. O-O Bg4 13. Rd1 Qe8 14. Be3 Rc8 15. Nd4 Ne5 16. f3 Bd7 17. Rac1 Nec4 18. Bxc4 Nxc4 19. Qe2 Nxe3 20. Qxe3 e6 21. e5 Qe7 22. f4 Qb4 23. b3 Qa5 24. a4 g5 25. g3 gxf4 26. gxf4 f6 27. Nf5 exf5 28. Rxd7 fxe5 29. Nd5 Rxc1+ 30. Qxc1 Kh8 31. Ne7 Qb6+ 32. Kg2 Qxb3 33. Qe1 Qxa4 34. Rc7 Qxf4 35. Rxb7 e4 36. Rxa7 Qf3+ 0-1

[Event "RUS-ch Men Rapid 2019"]
[Site "Sochi"]
[Date "2019.10.16"]
[Round "10.20"]
[White "Shubin, Kirill"]
[Black "Khegay, Dmitriy"]
[Result "1/2-1/2"]
[ECO "B00"]
[WhiteElo "2416"]
[BlackElo "2509"]
[Annotator "ChessBase"]
[PlyCount "107"]
[EventDate "2019.10.15"]
[EventType "swiss"]
[EventCountry "RUS"]
[SourceTitle "playchess.com"]
[Source "ChessBase"]
[SourceQuality "1"]
[TimeControl "900+10"]

1. e4 Nc6 2. Nf3 d6 3. d4 Nf6 4. Nc3 g6 5. h3 Bg7 6. Be3 O-O 7. Qd2 e5 8. dxe5 Nxe5 9. Nxe5 dxe5 10. O-O-O Be6 11. Qxd8 Rfxd8 12. Be2 a6 13. Bf3 h6 14. g4 Bf8 15. g5 Rxd1+ 16. Bxd1 hxg5 17. Bxg5 Nh7 18. Be3 Bb4 19. Nd5 Bxd5 20. exd5 b6 21. c4 Bc5 22. Bxc5 bxc5 23. Re1 f6 24. Re3 Kf7 25. Ra3 a5 26. h4 Ke7 27. Rg3 Nf8 28. Ba4 f5 29. Bc6 Ra6 30. h5 Kf6 31. hxg6 Nxg6 32. Rh3 Nf4 33. Rh7 Nd3+ 34. Kd2 Nxf2 35. Rxc7 Ne4+ 36. Ke3 Rb6 37. Bb5 Rb8 38. Rc6+ Kg5 39. Re6 Nf6 40. d6 f4+ 41. Ke2 e4 42. Re5+ Kh4 43. Rf5 Nh5 44. Rf7 Kg3 45. d7 f3+ 46. Ke3 Kg2 47. Bc6 Ng3 48. Bxe4 Nxe4 49. Kxe4 f2 50. Rg7+ Kh2 51. Rf7 Kg2 52. Rg7+ Kh2 53. Rf7 Kg1 54. Rg7+ 1/2-1/2

[Event "RUS-ch Men Rapid 2019"]
[Site "Sochi"]
[Date "2019.10.16"]
[Round "10.21"]
[White "Korchmar, Vasiliy"]
[Black "Yatzenko, Anton"]
[Result "0-1"]
[ECO "D20"]
[WhiteElo "2434"]
[BlackElo "2383"]
[Annotator "NA"]
[PlyCount "58"]
[EventDate "2019.10.15"]
[EventType "swiss"]
[EventCountry "RUS"]
[SourceTitle "playchess.com"]
[Source "ChessBase"]
[SourceQuality "1"]
[TimeControl "900+10"]

1. d4 d5 2. c4 dxc4 3. e3 e5 4. Bxc4 exd4 5. exd4 Bd6 6. Nf3 Nf6 7. Qe2+ Qe7 8. Qxe7+ Bxe7 9. O-O O-O 10. Nc3 a6 11. Re1 Bd6 12. Bg5 Nbd7 13. Ne5 Nb6 14. Bb3 Be6 15. Bxf6 gxf6 16. Nd3 Bxb3 17. axb3 Rad8 18. g3 Kg7 19. Nc5 Bxc5 20. dxc5 Nd7 21. c6 Ne5 22. Kg2 Nxc6 23. Ne4 Nb4 24. Rec1 Rfe8 25. Rc4 Nd3 26. Nc3 c6 27. Rg4+ Kh8 28. Nd1 Re1 29. Rb1 Ne5 0-1

[Event "RUS-ch Men Rapid 2019"]
[Site "Sochi"]
[Date "2019.10.16"]
[Round "10.22"]
[White "Gurvich, Vitaly"]
[Black "Pogromsky, Mikhail"]
[Result "1/2-1/2"]
[ECO "A50"]
[WhiteElo "2278"]
[BlackElo "2411"]
[Annotator "NA"]
[PlyCount "83"]
[EventDate "2019.10.15"]
[EventType "swiss"]
[EventCountry "RUS"]
[SourceTitle "playchess.com"]
[Source "ChessBase"]
[SourceQuality "1"]
[TimeControl "900+10"]

1. d4 Nf6 2. c4 Nc6 3. Nc3 e5 4. d5 Ne7 5. e4 Ng6 6. g3 Bc5 7. Bg2 d6 8. Nf3 O-O 9. O-O c6 10. Bg5 h6 11. Bxf6 Qxf6 12. Na4 Bb6 13. Nxb6 axb6 14. Qb3 Qd8 15. Nd2 f5 16. exf5 Ne7 17. g4 h5 18. h3 hxg4 19. hxg4 g6 20. f4 gxf5 21. fxe5 dxe5 22. Rae1 Qd6 23. Qe3 cxd5 24. cxd5 Ng6 25. Nc4 Qc5 26. Nxb6 Qxe3+ 27. Rxe3 Rxa2 28. Rc3 Rxb2 29. Nxc8 Nf4 30. Rxf4 exf4 31. Ne7+ Kf7 32. Nxf5 Ra8 33. Rf3 Ra1+ 34. Bf1 Kf6 35. Rxf4 Ke5 36. Rf2 Rxf2 37. Kxf2 Kxd5 38. g5 Ke5 39. Ne3 Ra2+ 40. Kf3 Ra3 41. Kf2 Kf4 42. Nc4 {[%emt 0:00:01] Ke5} 1/2-1/2

[Event "RUS-ch Men Rapid 2019"]
[Site "Sochi"]
[Date "2019.10.16"]
[Round "10.23"]
[White "Gutenev, Alexander"]
[Black "Dudin, Gleb"]
[Result "1-0"]
[ECO "B08"]
[WhiteElo "2469"]
[BlackElo "2323"]
[Annotator "ChessBase"]
[PlyCount "67"]
[EventDate "2019.10.15"]
[EventType "swiss"]
[EventCountry "RUS"]
[SourceTitle "playchess.com"]
[Source "ChessBase"]
[SourceQuality "1"]
[TimeControl "900+10"]

1. e4 g6 2. d4 Bg7 3. Nf3 d6 4. Be2 Nf6 5. Nc3 O-O 6. O-O a6 7. a4 Nc6 8. d5 Nb8 9. Nd4 c6 10. a5 Qc7 11. Be3 e5 12. dxe6 fxe6 13. Qd2 d5 14. exd5 exd5 15. b4 Qf7 16. h3 Nbd7 17. Nf3 Re8 18. Rab1 Ne5 19. Nxe5 Rxe5 20. Bd3 Re8 21. Rfe1 Be6 22. Bd4 Rad8 23. Ne2 Bc8 24. Ng3 Ne4 25. Bxe4 dxe4 26. c3 Qc4 27. Rbd1 Bxd4 28. cxd4 Qd5 29. Qf4 Rf8 30. Qxe4 Qb5 31. Qe5 Qxb4 32. Ne4 Rf5 33. Nf6+ Kf7 34. Qc7+ 1-0

[Event "RUS-ch Men Rapid 2019"]
[Site "Sochi"]
[Date "2019.10.16"]
[Round "10.25"]
[White "Belozerov, Andrei"]
[Black "Ozgibcev, Anatoly"]
[Result "1-0"]
[ECO "C60"]
[WhiteElo "2515"]
[BlackElo "2367"]
[Annotator "ChessBase"]
[PlyCount "117"]
[EventDate "2019.10.15"]
[EventType "swiss"]
[EventCountry "RUS"]
[SourceTitle "playchess.com"]
[Source "ChessBase"]
[SourceQuality "1"]
[TimeControl "900+10"]

1. e4 e5 2. Nf3 Nc6 3. Bb5 Nge7 4. c3 d6 5. d4 Bd7 6. O-O Ng6 7. Be3 Be7 8. d5 Nb8 9. Bxd7+ Nxd7 10. c4 O-O 11. Nc3 Nh4 12. Nxh4 Bxh4 13. Qg4 g6 14. Bh6 Re8 15. Rac1 a5 16. Rc2 Be7 17. g3 Nf6 18. Qe2 Qd7 19. f3 Nh5 20. Kg2 Bf8 21. Bc1 Bg7 22. Qd1 Rf8 23. Rcf2 b6 24. Ne2 Rae8 25. g4 Nf6 26. Ng3 Rb8 27. a4 c6 28. dxc6 Qxc6 29. b3 Rfd8 30. Be3 Nd7 31. Rd2 Nc5 32. Rd5 Bf6 33. Ne2 Ne6 34. Qd2 Nc5 35. Qc2 Ne6 36. Qd2 Nc5 37. Rb1 Rb7 38. Nc3 Rbd7 39. Bxc5 bxc5 40. Rd1 Be7 41. Nb5 Qb6 42. Qh6 Bf8 43. Qe3 Be7 44. R1d3 Kg7 45. Qd2 h6 46. Rxe5 Bg5 47. Qd1 dxe5 48. Rxd7 Rxd7 49. Qxd7 Qf6 50. Nc7 Kg8 51. Qe8+ Kg7 52. Nd5 Qd6 53. Kf1 Bd2 54. Ke2 Bb4 55. h4 Qe6 56. Ne7 Qa6 57. Qg8+ Kf6 58. Nd5+ Ke6 59. Nc7+ {[%emt 0:00:02] Kd5} 1-0

[Event "RUS-ch Men Rapid 2019"]
[Site "Sochi"]
[Date "2019.10.16"]
[Round "10.29"]
[White "Shkurkin, Andrey"]
[Black "Airapetian, Gor"]
[Result "0-1"]
[ECO "E04"]
[WhiteElo "2209"]
[BlackElo "2436"]
[Annotator "NA"]
[PlyCount "64"]
[EventDate "2019.10.15"]
[EventType "swiss"]
[EventCountry "RUS"]
[SourceTitle "playchess.com"]
[Source "ChessBase"]
[SourceQuality "1"]
[TimeControl "900+10"]

1. d4 Nf6 2. c4 e6 3. g3 d5 4. Bg2 dxc4 5. Nf3 Bb4+ 6. Bd2 a5 7. O-O O-O 8. Qc2 Bxd2 9. Nbxd2 b5 10. a4 c6 11. b3 cxb3 12. Nxb3 b4 13. Ne5 Nd5 14. Nxc6 Nxc6 15. Qxc6 Ra6 16. Qc4 Nc3 17. e3 Ra7 18. Nc5 Qd6 19. Kh1 Ba6 20. Nxa6 Qxa6 21. Qb3 Rc7 22. Rac1 Rfc8 23. Rc2 Qc4 24. Qxc4 Rxc4 25. Ra1 b3 26. Rb2 Rb8 27. Rc1 Nxa4 28. Rxc4 Nxb2 29. Rc7 Nd3 30. Bf1 Nxf2+ 31. Kg2 b2 32. Bd3 Nxd3 0-1

[Event "RUS-ch Men Rapid 2019"]
[Site "Sochi"]
[Date "2019.10.16"]
[Round "10.31"]
[White "Magomedov, Rashid"]
[Black "Nesterov, Arseniy"]
[Result "0-1"]
[ECO "C77"]
[WhiteElo "2083"]
[BlackElo "2484"]
[Annotator "ChessBase"]
[PlyCount "70"]
[EventDate "2019.10.15"]
[EventType "swiss"]
[EventCountry "RUS"]
[SourceTitle "playchess.com"]
[Source "ChessBase"]
[SourceQuality "1"]
[TimeControl "900+10"]

1. e4 e5 2. Nf3 Nc6 3. Bb5 a6 4. Ba4 Nf6 5. d3 b5 6. Bb3 Bc5 7. c3 d6 8. Nbd2 O-O 9. Nf1 h6 10. Be3 Bxe3 11. Nxe3 Ne7 12. Nh4 d5 13. Qf3 d4 14. cxd4 Qxd4 15. O-O Qxb2 16. Rac1 c6 17. Nef5 Nxf5 18. Nxf5 Bxf5 19. Qxf5 Rac8 20. Rc5 Qd4 21. Rxe5 Rfe8 22. Rc5 Qxd3 23. Bc2 Qd6 24. Rd1 Qe7 25. Rc3 g6 26. Qf4 Nd5 27. Qg3 Nxc3 28. Qxc3 Qe5 29. Qe3 Rcd8 30. Re1 Kg7 31. g3 c5 32. h4 c4 33. Kg2 Rd7 34. Bd1 Rd3 35. Qa7 Qd4 0-1

[Event "RUS-ch Men Rapid 2019"]
[Site "Sochi"]
[Date "2019.10.16"]
[Round "10.32"]
[White "Kabanov, Nikolai"]
[Black "Mnatsakanian, Arsen"]
[Result "1-0"]
[ECO "B07"]
[WhiteElo "2455"]
[BlackElo "2138"]
[Annotator "ChessBase"]
[PlyCount "89"]
[EventDate "2019.10.15"]
[EventType "swiss"]
[EventCountry "RUS"]
[SourceTitle "playchess.com"]
[Source "ChessBase"]
[SourceQuality "1"]
[TimeControl "900+10"]

1. e4 d6 2. d4 Nf6 3. Nc3 g6 4. Be3 Bg7 5. Qd2 c6 6. Nf3 Nbd7 7. Bh6 Bxh6 8. Qxh6 Qa5 9. Bd3 b5 10. O-O b4 11. Ne2 Ba6 12. Bxa6 Qxa6 13. Ng3 Qc4 14. b3 Qb5 15. a3 c5 16. e5 dxe5 17. dxe5 Nd5 18. Qg7 Rf8 19. Rfd1 Nc3 20. Rd3 a5 21. Ng5 c4 22. Re3 O-O-O 23. axb4 axb4 24. Nxf7 cxb3 25. cxb3 Rde8 26. e6 Nf6 27. Nd6+ exd6 28. Ra8+ Qb8 29. Rxb8+ Kxb8 30. e7 Rg8 31. Qxf6 Kc7 32. Qf7 d5 33. Qf4+ Kd7 34. Qxb4 Rc8 35. Rxc3 Rxc3 36. Qxc3 Kxe7 37. Qc7+ Kf6 38. Qd6+ Kg7 39. Qxd5 Re8 40. h3 Rf8 41. Ne4 Rf5 42. Qd4+ Kg8 43. g4 Rf3 44. Ng5 Rf8 45. Qd7 1-0

[Event "RUS-ch Men Rapid 2019"]
[Site "Sochi"]
[Date "2019.10.16"]
[Round "11.3"]
[White "Oganian, Miran"]
[Black "Bocharov, Dmitry"]
[Result "0-1"]
[ECO "A40"]
[WhiteElo "2436"]
[BlackElo "2519"]
[Annotator "RC"]
[PlyCount "136"]
[EventDate "2019.10.15"]
[EventType "swiss"]
[EventCountry "RUS"]
[SourceTitle "playchess.com"]
[Source "ChessBase"]
[SourceQuality "1"]
[TimeControl "900+10"]

1. d4 Nf6 2. c4 e6 3. g3 d5 4. Nf3 Bb4+ 5. Bd2 Be7 6. Bg2 O-O 7. O-O Nbd7 8. Qc2 Ne4 9. Nc3 Nxd2 10. Nxd2 c6 11. e4 dxc4 12. Nxc4 b5 13. Ne3 Qb6 14. Rfd1 Rb8 15. Rac1 c5 16. d5 c4 17. b3 Bc5 18. Re1 cxb3 19. Qxb3 Ne5 20. Rcd1 Bd7 21. dxe6 Bxe6 22. Ncd5 Qa5 23. Rc1 Rfc8 24. Red1 Kh8 25. Rb1 h6 26. h3 b4 27. Nf5 Bf8 28. Nd4 Bd7 29. Rdc1 Rxc1+ 30. Rxc1 Rc8 31. Rxc8 Bxc8 32. Nc2 Nc6 33. Qc4 Qc5 34. Qb3 a5 35. Bf1 Be6 36. Nce3 Nd4 37. Qd1 Kg8 38. Bc4 Bxh3 39. Nf4 Bc8 40. Bd5 Ne6 41. Bxe6 Bxe6 42. Nxe6 fxe6 43. Qd7 Qe5 44. Qc6 Bc5 45. Nf1 Kh7 46. Kg2 a4 47. Nd2 Qd4 48. Qxe6 Qxf2+ 49. Kh3 Be3 50. Nc4 Qf1+ 51. Kg4 Qd1+ 52. Kh3 Qh1+ 53. Kg4 h5+ 54. Kf5 Qh3+ 55. Ke5 Bd4+ 56. Kd5 Qxe6+ 57. Kxe6 b3 58. axb3 axb3 59. Kd5 b2 60. Na3 Bf2 61. e5 Bxg3 62. e6 Kg8 63. Kc6 Kf8 64. Kd7 Bh4 65. Nb1 Bf6 66. Nc3 h4 67. Nd5 b1=Q 68. Nxf6 Qd3+ 0-1

[Event "RUS-ch Men Rapid 2019"]
[Site "Sochi"]
[Date "2019.10.16"]
[Round "11.6"]
[White "Lysyj, Igor"]
[Black "Nozdrachev, Vladislav"]
[Result "1/2-1/2"]
[ECO "E06"]
[WhiteElo "2596"]
[BlackElo "2494"]
[Annotator "ChessBase"]
[PlyCount "75"]
[EventDate "2019.10.15"]
[EventType "swiss"]
[EventCountry "RUS"]
[SourceTitle "playchess.com"]
[Source "ChessBase"]
[SourceQuality "1"]
[TimeControl "900+10"]

1. d4 Nf6 2. c4 e6 3. Nf3 d5 4. g3 Be7 5. Bg2 O-O 6. O-O dxc4 7. Ne5 Nc6 8. Bxc6 bxc6 9. Nxc6 Qe8 10. Nxe7+ Qxe7 11. Nc3 c5 12. dxc5 Qxc5 13. Be3 Qc6 14. Qa4 Bb7 15. Qxc6 Bxc6 16. Rfd1 Nd5 17. Rd4 Nxc3 18. bxc3 Bd5 19. Rad1 f5 20. Bf4 Rac8 21. f3 Rfe8 22. Be5 Rc5 23. Bd6 Ra5 24. R1d2 Rb5 25. e4 fxe4 26. fxe4 Rb1+ 27. Kf2 Bb7 28. Rxc4 Rh1 29. h4 Rd8 30. Rcd4 Bxe4 31. Rxe4 Rh2+ 32. Ke3 Rxd2 33. Kxd2 Rxd6+ 34. Ke3 Ra6 35. a4 Kf7 36. g4 Ra5 37. Rb4 h6 38. Rc4 1/2-1/2